 Dungeon Crawl Stone Soup version 0.21.1-1-g345015fe64 (webtiles) character file.

188 Kromko the Ruffian (level 5, -21/33 HPs)
             Began as a Gargoyle Monk on June 4, 2018.
             Killed from afar by a frilled lizard (27 damage)
             ... with an exploding inner flame
             ... hexed by the player character
             ... on level 2 of the Dungeon.
             The game lasted 00:14:36 (1434 turns).

Kromko the Ruffian (Gargoyle Monk)                  Turns: 1434, Time: 00:14:36

Health: -21/33     AC: 11    Str: 16    XL:     5   Next: 67%
Magic:  5/5        EV: 10    Int: 10    God:
Gold:   37         SH:  0    Dex: 12    Spells: 4/4 levels left

rFire    . . .     SeeInvis .     - Unarmed
rCold    + . .     Gourm    .   (no shield)
rNeg     + . .     Faith    .   h - +0 scale mail {rC+}
rPois    ∞         Spirit   .   (no helmet)
rElec    +         Reflect  .   l - +0 cloak
rCorr    .         Harm     .   (no gloves)
MR       .....                  (no boots)
Stlth    +.........             (no amulet)
HPRegen  0.11/turn              (no ring)
MPRegen  0.09/turn              (no ring)

@: no status effects
A: negative energy resistance 1, electricity resistance, unbreathing,
petrification resistance, rot immunity, AC +4
a: no special abilities


You were on level 2 of the Dungeon.
You were not hungry.

You visited 1 branch of the dungeon, and saw 2 of its levels.

You collected 37 gold pieces.

Inventory:

Hand Weapons
 c - a +0 club
 d - a +0 dagger
 f - a +0 dagger
Armour
 a - a +0 robe
 g - a +0 leather armour
 h - a +0 scale mail of cold resistance (worn)
 l - a +0 cloak (worn)
 o - a +0 ring mail
Scrolls
 i - a scroll of remove curse {unknown}
 j - a scroll of immolation
 m - a scroll of enchant armour {unknown}
Potions
 e - a potion of berserk rage {unknown}
 k - 2 potions of flight {unknown}
 n - a potion of degeneration {unknown}
Comestibles
 b - 2 rations


   Skills:
 + Level 3.7 Fighting
 + Level 1.1 Armour
 + Level 3.0 Dodging
 + Level 2.6 Stealth
 + Level 5.1 Unarmed Combat


You had 4 spell levels left.
You didn't know any spells.

Dungeon Overview and Level Annotations

Branches:
Dungeon (2/15)

Altars:


Innate Abilities, Weirdness & Mutations

You are resistant to torment.
Your stone body is resilient. (AC +4)
You are immune to poison.
You resist negative energy. (rN+)
You are resistant to electric shocks. (rElec)
You can survive without breathing.
You are immune to petrification.
You are immune to rotting.


Message History

The kobold closely misses you. The rat bites you.
The frilled lizard barely misses you.
An adder comes into view.
The adder hisses angrily.
You hit the rat.
The rat is severely wounded.
The adder moves out of view.
The kobold hits you. The rat closely misses you.
The frilled lizard bites you but does no damage.
You hit the rat.
The rat explodes!
The fiery explosion engulfs the kobold.
The kobold explodes!
The fiery explosion engulfs you!
Ouch! That really hurt!
* * * LOW HITPOINT WARNING * * *
The fiery explosion engulfs the frilled lizard.
The frilled lizard explodes!
The fiery explosion engulfs you!
Ouch! That really hurt!
You die...

..............
#.##........... .
##.##......##.## ..
...........##.#
...######...##....###.#
........+...##....###.##
........#...##..........
.....§§§'.........##....
..#..§.@##.###...#######
.....§§§##........(....
....##§§######...######
..# #... #...# . #...
#...# ..... ....# .....
##..## ....... ...# #...


There were no monsters in sight!

Vanquished Creatures
  A bullfrog (D:2)
  A hound (D:2)
  4 gnolls (D:2)
  An adder (D:2)
  An ooze (D:2)
  3 leopard geckos
  4 giant cockroaches
  8 hobgoblins
  A jackal (D:1)
  4 bats (D:1)
  4 frilled lizards
  4 goblins
  3 kobolds (D:2)
  6 rats
45 creatures vanquished.

Notes
Turn   | Place    | Note
-------+----------+-------------------------------------------
     0 | D:1      | Kromko the Gargoyle Monk began the quest for the Orb.
     0 | D:1      | Reached XP level 1. HP: 14/14 MP: 1/1
    73 | D:1      | Reached XP level 2. HP: 7/19 MP: 2/2
   718 | D:1      | Reached XP level 3. HP: 23/23 MP: 3/3
   902 | D:2      | Reached XP level 4. HP: 20/29 MP: 4/4
   924 | D:2      | Reached skill level 4 in Unarmed Combat
  1341 | D:2      | Reached XP level 5. HP: 29/33 MP: 5/5
  1361 | D:2      | Reached skill level 1 in Armour
  1361 | D:2      | Reached skill level 5 in Unarmed Combat
  1434 | D:2      | Killed from afar by a frilled lizard

Skill      XL: |  1  2  3  4  5 |
---------------+----------------+-----
Dodging        | 3 |  3.0
Unarmed Combat | 4 5 |  5.1
Armour         | 1 |  1.1
Fighting       | |  3.7
Stealth        | |  2.6

Action                   |  1- 3 |  4- 6 || total
-------------------------+-------+-------++-------
Melee: Unarmed           |   120 |   100 ||   220
       Punch             |     3 |     2 ||     5
  Use: Scroll            |       |     1 ||     1
  Eat: Ration            |       |     1 ||     1
Armor: Robe              |    19 |       ||    19
       Leather armour    |     9 |       ||     9
       Scale mail        |    16 |    37 ||    53
Dodge: Dodged            |    76 |    45 ||   121
